Map: World of Sleepers LE

Players

Bulya - Winner!

  • Race: Zerg Zerg
  • League: Master
  • Spawn Location: 7:00

Mez

  • Race: Terran Terran
  • League: Master
  • Spawn Location: 1:00

VOD

Have the link to the VOD?

Description

Time

  • Played on: Aug. 23, 2019, 12:34 p.m.
  • Length: 16:31
Show
View Real Time Build Order
Export as new Build Order

Bulya Zerg - Winner!

Build Orders: Pool First, Lurkers 

Get SALT Encoding   

  12  0:01  Drone  
  13  0:13  Overlord  
  13  0:18  Drone  
  14  0:33  Drone  
  14  0:34  Drone  
  16  0:37  Drone  
  17  0:47  Spawning Pool  
  17  0:48  Drone  
  17  0:56  Drone  
  18  1:11  Hatchery  
  18  1:12  Extractor  
  18  1:15  Drone  
  17  1:18  Drone  
  18  1:34  Queen  
  18  1:35  Zergling x2  
  21  1:43  Roach Warren  
  21  1:44  Drone  
  21  1:51  Overlord  
  21  2:02  Drone  
  22  2:09  Queen  
  24  2:26  Roach x3  
  30  2:37  Drone x2  
  32  2:45  Drone x4  
  32  2:49  Overlord  
  36  3:02  Metabolic Boost  
  35  3:14  Hatchery  
  35  3:15  Drone  
  35  3:16  Drone x2  
  37  3:24  Drone  
  37  3:25  Drone x3  
  41  3:28  Overlord  
  41  3:35  Drone x2  
  41  4:05  Queen  
  41  4:06  Queen  
  41  4:07  Zergling x14  
  48  4:20  Overlord  
  48  4:23  Drone  
  48  4:24  Drone  
  50  4:26  Drone x6  
  50  4:27  Queen  
  58  4:50  Overlord  
  58  4:51  Overlord  
  58  4:52  Overlord  
  58  4:55  Overlord  
  58  4:56  Lair  
  58  5:11  Queen, Drone x12  
  58  5:12  Queen  
  73  5:14  Spore Crawler  
  73  5:16  Spore Crawler  
  73  5:17  Spore Crawler  
  70  5:37  Zergling x2  
  70  5:38  Zergling x20  
  72  6:06  Overlord  
  72  6:07  Overlord x3  
  72  6:18  Overlord  
  72  6:19  Overlord x3, Evolution Chamber  
  72  6:20  Evolution Chamber  
  72  6:21  Baneling Nest  
  69  6:35  Overseer  
  69  6:37  Drone x2  
  69  6:38  Drone  
  69  6:39  Drone x3  
  75  6:40  Drone  
  75  6:41  Extractor, Drone x2  
  76  7:02  Zerg Ground Armor Level 1, Zerg Melee Weapons Level 1  
  76  7:06  Extractor, Drone  
  76  7:07  Drone x2  
  76  7:08  Drone x2, Extractor  
  79  7:09  Drone x3  
  79  7:10  Drone  
  79  7:14  Extractor  
  82  7:16  Extractor, Drone x2  
  82  7:17  Drone x4  
  82  7:18  Overseer, Drone  
  82  7:19  Overseer x2  
  88  7:26  Queen x3  
  94  7:46  Hatchery  
  94  7:49  Zergling x26  
  94  7:51  Centrifical Hooks  
  106  7:54  Hydralisk Den  
  106  7:56  Drone  
  106  8:01  Baneling x11  
  106  8:02  Zergling x2  
  106  8:03  Zergling x10  
  112  8:25  Hydralisk  
  112  8:26  Hydralisk x4, Muscular Augments  
  122  8:27  Overlord  
  122  8:28  Overlord x2  
  114  8:56  Drone x2  
  114  8:57  Drone x6  
  114  9:01  Lurker Den  
  114  9:02  Infestation Pit  
  120  9:03  Zerg Ground Armor Level 2  
  120  9:05  Zerg Missile Weapons Level 1  
  120  9:06  Zergling x22  
  131  9:37  Spore Crawler, Grooved Spines  
  130  9:38  Drone x2  
  130  9:39  Unknown, Drone  
  130  9:42  Zergling x24  
  130  9:43  Queen  
  130  9:44  Queen x2  
  138  9:59  Overlord x4  
  138  10:00  Overlord x6  
  138  10:04  Hive  
  136  10:09  Overlord  
  136  10:10  Overlord  
  136  10:11  Overlord x5  
  136  10:21  Zergling x18  
  140  10:23  Pneumatized Carapace  
  145  10:32  Hydralisk x5  
  155  10:46  Hydralisk  
  155  10:47  Hydralisk x9  
  164  10:59  Zerg Melee Weapons Level 2  
  164  11:18  Zerg Missile Weapons Level 2  
  164  11:21  Hatchery  
  161  11:27  Lurker x7  
  161  11:28  Hydralisk, Lurker x2  
  161  11:29  Hydralisk x6  
  161  11:30  Zergling x26  
  197  11:36  Zergling x2  
  188  12:23  Hatchery  
  187  12:36  Zergling x2  
  187  12:37  Zergling x32  
  185  12:58  Hydralisk x6, Zergling x2  
  185  12:59  Zergling x10  
  199  13:16  Hatchery  
  198  13:34  Hatchery  
  169  13:39  Hydralisk x11, Roach  
  169  13:40  Zergling x18  
  184  13:54  Adaptive Talons  
  178  13:59  Lurker  
  178  14:00  Lurker x5  
  179  14:08  Zergling x2  
  179  14:09  Zergling x26  
  179  14:29  Hydralisk x9  
  197  14:36  Viper  
  151  15:08  Viper x2  
  146  15:26  Hydralisk x9  
  146  15:27  Zergling x20  
  146  15:28  Zergling x2  
  155  15:36  Queen  
  157  15:48  Baneling  
  157  15:49  Baneling x21  
  157  15:51  Zergling x4  
  157  15:52  Zergling x14  
  157  15:53  Lurker x5  
  157  15:54  Lurker x2  
  173  16:00  Zergling x6  
  173  16:01  Spore Crawler  
Show
View Real Time Build Order
Export as new Build Order

Mez Terran 

Build Orders: Reaper Expand 

Get SALT Encoding   

  12  0:01  SCV  
  13  0:13  SCV  
  14  0:17  Supply Depot  
  14  0:25  SCV  
  15  0:38  SCV  
  15  0:39  Barracks  
  16  0:44  Refinery  
  16  0:50  SCV  
  17  1:02  SCV  
  18  1:15  SCV  
  19  1:27  Orbital Command, Reaper  
  20  1:41  Command Center  
  20  1:51  Supply Depot  
  20  1:53  SCV  
  21  1:59  Marine  
  22  2:12  SCV  
  22  2:15  Factory  
  23  2:17  Refinery  
  22  2:25  Barracks Reactor  
  22  2:29  Bunker  
  22  2:34  SCV  
  23  2:46  SCV  
  24  2:54  Orbital Command  
  24  3:02  Marine x2  
  24  3:03  Factory Tech Lab  
  26  3:14  SCV  
  26  3:20  Marine x2  
  26  3:22  Cyclone  
  26  3:23  Starport  
  31  3:27  SCV  
  31  3:31  SCV  
  33  3:38  Marine x2  
  35  3:44  SCV x2  
  36  3:56  SCV x2  
  35  4:04  Starport Reactor  
  35  4:05  Viking  
  35  4:09  SCV x2  
  39  4:19  Hellion  
  39  4:21  Supply Depot  
  41  4:25  Hellion  
  41  4:26  SCV x2  
  41  4:28  Marine  
  41  4:30  Stimpack  
  46  4:43  SCV x2  
  48  4:49  Supply Depot  
  48  4:50  Hellion  
  48  4:51  Hellion  
  52  4:55  SCV x2  
  54  5:02  Starport Reactor  
  54  5:07  Command Center  
  54  5:11  Marine, SCV x2  
  54  5:12  Supply Depot  
  57  5:24  Barracks, SCV x2  
  57  5:28  Barracks  
  59  5:30  Marine  
  59  5:31  Factory Reactor  
  60  5:36  Supply Depot  
  52  6:01  SCV x2  
  52  6:02  Engineering Bay  
  52  6:03  Barracks, Engineering Bay  
  54  6:05  Barracks  
  54  6:10  Supply Depot  
  45  6:12  Refinery  
  45  6:14  Marine, Refinery  
  46  6:21  Starport Reactor  
  46  6:22  Orbital Command  
  46  6:24  Factory Reactor  
  46  6:26  Marine  
  46  6:27  Marine x3  
  46  6:31  Marine  
  50  6:38  Factory Tech Lab  
  50  6:39  Combat Shield  
  50  6:42  SCV x2  
  50  6:44  Marine x2  
  50  6:45  Marine  
  55  6:50  Marine x3, Orbital Command  
  58  6:55  Supply Depot  
  58  6:56  Supply Depot, Barracks Reactor  
  58  7:01  Medivac  
  58  7:06  Terran Infantry Weapons Level 1  
  58  7:07  Terran Infantry Armor Level 1  
  60  7:22  SCV x2, Supply Depot  
  62  7:23  SCV  
  62  7:27  Siege Tank  
  62  7:28  Medivac  
  68  7:31  Medivac  
  70  7:37  SCV x2  
  70  7:38  SCV  
  73  7:46  Supply Depot  
  73  7:56  Marine  
  73  7:57  Marine x7  
  81  8:00  Siege Tank  
  81  8:01  SCV x2  
  81  8:02  SCV  
  81  8:04  Supply Depot  
  87  8:07  Armory  
  87  8:12  Marine  
  88  8:14  Marine x2  
  90  8:21  Marine  
  90  8:22  Marine x4  
  93  8:28  Marine, Factory  
  93  8:29  Supply Depot  
  93  8:30  Command Center  
  93  8:32  Siege Tank  
  93  8:33  SCV x2  
  98  8:35  SCV, Refinery  
  98  8:36  Refinery  
  92  8:43  Marine x6  
  92  8:45  SCV x2  
  100  8:55  Marine x2  
  100  8:56  Marine  
  103  9:05  Supply Depot  
  103  9:06  Supply Depot  
  103  9:09  Siege Tank, Terran Infantry Armor Level 2, Terran Infantry Weapons Level 2  
  106  9:11  Terran Vehicle Weapons Level 1  
  106  9:12  Marine x3  
  109  9:22  Marine  
  109  9:23  Marine x5  
  115  9:26  Factory Tech Lab  
  115  9:29  SCV x3  
  118  9:39  Marine x3  
  118  9:40  Marine  
  118  9:41  Marine x3  
  123  9:55  Marine  
  123  9:58  Marine x6  
  123  9:59  Marine, Siege Tank x2  
  136  10:00  Medivac x2  
  140  10:11  Marine  
  140  10:13  Marine  
  142  10:16  Marine x3  
  145  10:23  Marine  
  145  10:24  Marine x3  
  149  10:29  Marine, Barracks x2  
  149  10:31  Siege Tank x2, Barracks  
  156  10:54  Marine x6  
  161  10:59  Marine  
  161  11:00  Marine x2  
  161  11:02  Medivac x2  
  161  11:03  Siege Tank  
  171  11:16  Marine x6  
  177  11:19  Barracks Tech Lab x2  
  177  11:20  Barracks Tech Lab  
  171  11:34  Marine x5  
  176  11:47  Siege Tank  
  176  11:49  Siege Tank  
  180  11:54  Liberator x2  
  173  12:14  Marine  
  173  12:15  Marine  
  180  12:18  Starport  
  180  12:19  Starport  
  171  12:25  Marine x6  
  171  12:26  Marauder  
  179  12:34  Siege Tank  
  179  12:35  Marauder x2  
  180  12:39  Marine x2  
  180  12:41  Marauder  
  180  12:42  Siege Tank  
  180  12:43  Marine  
  131  12:57  Marine x4  
  130  13:00  Starport Reactor, Starport Tech Lab  
  130  13:16  Siege Tank x2  
  130  13:17  Marine x5  
  130  13:18  Marine x4, Marauder x3  
  151  13:23  Planetary Fortress  
  151  13:24  SCV  
  151  13:25  SCV x2  
  149  13:36  Marine, SCV, Marauder  
  149  13:37  Marine x7, SCV x2  
  149  13:40  Marauder  
  129  13:57  SCV  
  129  13:58  SCV x2  
  117  14:03  Marine x3, Liberator  
  117  14:08  Marine x9  
  117  14:09  SCV  
  124  14:11  Siege Tank  
  124  14:13  SCV  
  124  14:14  SCV x2  
  124  14:20  Marine  
  124  14:21  Marine x2  
  124  14:22  SCV  
  131  14:25  Marine, SCV  
  133  14:36  Marine  
  133  14:37  Marine x6, Marauder, Engineering Bay x2  
  142  14:43  Siege Tank  
  112  15:17  SCV  
  112  15:18  SCV x2  
  112  15:20  Factory Tech Lab, Siege Tank  
  104  15:30  SCV x2  
  106  15:38  Marine  
  106  15:39  Marine x7  
  106  15:42  SCV  
  115  15:49  Marine x3  
  118  15:52  Siege Tank  
  118  15:55  Orbital Command  
  118  15:56  Marine  
  119  16:13  Marine x4  
Tags
 
Add a new tag
Caveats
  • Supply blocks, unpowered buildings, or Contaminate may cause inaccurate times.
  • Supply counts are checked every 10 seconds.